 Dungeon Crawl Stone Soup version 0.25.0-11-g1f837a76a1 (webtiles) character file.

Game seed: 14379879226578044183

53 Flugkiller the Sneak (level 3, -3/16 HPs)
             Began as a Spriggan Enchanter on June 27, 2020.
             Killed from afar by an orc wizard (9 damage)
             ... with a magic dart
             ... on level 3 of the Dungeon.
             The game lasted 00:03:58 (1496 turns).

Flugkiller the Sneak (Spriggan Enchanter)           Turns: 1496, Time: 00:03:58

Health: -3/16      AC:  2    Str:  4    XL:     3   Next: 62%
Magic:  7/8        EV: 18    Int: 16    God:
Gold:   133        SH:  0    Dex: 17    Spells: 4/7 levels left

rFire    . . .     SeeInvis +   a - +1 dagger
rCold    . . .     Gourm    .   (shield restricted)
rNeg     . . .     Faith    .   b - +0 robe
rPois    .         Spirit   .   (helmet restricted)
rElec    .         Reflect  .   (no cloak)
rCorr    .         Harm     .   (gloves unavailable)
MR       .....                  (boots unavailable)
Stlth    ++++......             (no amulet)
HPRegen  0.05/turn              (no ring)
MPRegen  0.11/turn              (no ring)

@: very quick
A: very small, unfitting armour, see invisible, herbivore, speed 3, slow
metabolism 2
a: no special abilities


You were on level 3 of the Dungeon.
You were not hungry.

You visited 1 branch of the dungeon, and saw 3 of its levels.

You collected 133 gold pieces.

Inventory:

Hand Weapons
 a - a +1 dagger (weapon)
Armour
 b - a +0 robe (worn)
Scrolls
 c - 2 scrolls of identify {unknown}
 e - 2 scrolls of enchant weapon {unknown}
 f - a scroll of fear {unknown}
 h - a scroll of enchant armour {unknown}
 i - a scroll of random uselessness {unknown}
 j - a scroll of teleportation {unknown}
 l - a scroll of amnesia {unknown}
 m - 2 scrolls of blinking {unknown}
Potions
 g - 2 potions of curing {unknown}
 k - a potion of heal wounds {unknown}
 n - a potion of flight {unknown}
Comestibles
 d - 3 rations


   Skills:
 - Level 1.1 Short Blades
 - Level 3.0 Dodging
 + Level 7.2 Stealth
 - Level 2.6 Spellcasting
 - Level 3.6 Hexes


You had 4 spell levels left.
You knew the following spells:

 Your Spells              Type           Power        Failure   Level  Hunger
a - Corona                Hex            ##.....      4%          1    #......
b - Ensorcelled Hibernat  Hex/Ice        #.....       14%         2    ##.....

Your spell library contained the following spells:

 Spells                   Type           Power        Failure   Level  Hunger
 Confusing Touch          Hex            ##......     13%         3    ###....
 Tukima's Dance           Hex            ##......     13%         3    ###....
 Dazzling Flash           Conj/Hex       #.....       28%         3    ###....


Dungeon Overview and Level Annotations

Branches:
Dungeon (3/15)

Altars:


Innate Abilities, Weirdness & Mutations

You are very small and have problems with some larger weapons.
You are too small for most types of armour.
You have supernaturally acute eyesight. (SInv)
You are a herbivore.
You cover ground extremely quickly.
You need to consume almost no food.


Message History

The hobgoblin resists with significant effort.
The hobgoblin closely misses you.
Casting: Ensorcelled Hibernation (safe; 14% risk of failure)
Confirm with . or Enter, or press ? or * to list all spells.
You don't have enough magic to cast that spell.
Unknown command.
You hit the hobgoblin but do no damage. The hobgoblin hits you with a +0 club.
There is a stone staircase leading up here.
Casting: Ensorcelled Hibernation (safe; 14% risk of failure)
Confirm with . or Enter, or press ? or * to list all spells.
Aiming: Ensorcelled Hibernation (safe; 14% risk of failure)
Press: ? - help, Shift-Dir - straight line, f/p - hobgoblin
Aim: a hobgoblin, wielding a +0 club (chance to defeat MR: 56%)
The hobgoblin resists with significant effort.
Found a scroll labeled FATTIKUNUGE.
Your magical contamination has completely faded away.
l - a scroll labeled FATTIKUNUGE
Found 2 scrolls labeled QUSCHU ZAUTE.
m - 2 scrolls labeled QUSCHU ZAUTE A kobold comes into view.
It is quivering 5 poisoned darts.
Found a viscous blue potion.
The kobold shouts!
You hit the kobold.
The kobold is heavily wounded.
The kobold misses you.
You hit the kobold.
The kobold is severely wounded.
The kobold hits you but does no damage.
You hit the kobold.
You kill the kobold!
Things that are here:
5 poisoned darts; a kobold corpse
n - a viscous blue potion
Things that are here:
5 poisoned darts; a kobold corpse An orc priest and 2 orc wizards come into view.
The orc wizard shouts! x2; The orc shouts!
The orc priest begins to cast a cantrip, but forgets the words!
You hit the orc wizard but do no damage.
The orc wizard closely misses you.
The orc wizard points at you and mumbles some strange words.
The puff of flame hits you!
* * * LOW HITPOINT WARNING * * *
The orc wizard casts a spell.
The orc wizard seems to speed up.
The orc priest looks encouraged for a moment.
The orc wizard gestures at you while chanting.
The magic dart hits you!
Ouch! That really hurt!
You die...

.# #o# ## #.# #######
#o## ......# #..#
#####.# ##.# # ###.###
### # #.....# .^#
#.######.###.###
#.###....(...# #@..#
...#########.###.#.#
#..# #.....#.# ...###
###.### #
.[...#########.##
##.#............#
................##.##
##.#######...........#
#.# ######.##.#.#


You could see an orc wizard.

Vanquished Creatures
  2 adders (D:2)
  3 worms (D:2)
  A leopard gecko (D:1)
  An orc (D:3)
  3 goblins
  2 hobgoblins (D:2)
  2 jackals (D:1)
  5 kobolds
  A ball python (D:3)
  A bat (D:1)
  2 frilled lizards
  2 rats
25 creatures vanquished.

Notes
Turn   | Place    | Note
-------+----------+-------------------------------------------
     0 | D:1      | Flugkiller the Spriggan Enchanter began the quest for the
                  | Orb.
     0 | D:1      | Reached XP level 1. HP: 9/9 MP: 5/5
   441 | D:1      | Reached skill level 5 in Stealth
   540 | D:1      | Reached XP level 2. HP: 11/13 MP: 3/6
   552 | D:1      | Learned a level 2 spell: Ensorcelled Hibernation
   899 | D:2      | Reached skill level 6 in Stealth
   967 | D:2      | Reached XP level 3. HP: 16/16 MP: 8/8
  1200 | D:2      | Reached skill level 7 in Stealth
  1496 | D:3      | Killed from afar by an orc wizard

Illustrated notes

Levels and vault maps discovered:
D:1:      minmay_arrival_glassed_features, layout_basic
D:2:      layout_loops_ring, first_ration, minmay_snake_closets
D:3:      layout_loops_ring, uniq_ijyb

Skill      XL: |  1  2  3 |
---------------+----------+-----
Stealth        | 5 6 7 |  7.2
Short Blades   | |  1.1
Dodging        | |  3.0
Spellcasting   | |  2.6
Hexes          | |  3.6

Action                   || total
-------------------------++-------
Melee: Dagger            ||    62
 Cast: Corona            ||     7
       Ensorcelled Hiber ||    16
 Stab: Sleeping          ||    17
Armor: Robe              ||     5
Dodge: Dodged            ||    36
